 Dungeon Crawl Stone Soup version 0.21-a0-529-g8c7b3f5 (webtiles) character file.

149 Gildeon the Magician (level 5, -1/28 HPs)
             Began as a Deep Elf Conjurer on Dec 9, 2017.
             Killed by divine providence
             ... invoked by an orc priest
              (14 damage)
             ... on level 3 of the Dungeon.
             The game lasted 00:18:05 (2885 turns).

Gildeon the Magician (Deep Elf Conjurer)            Turns: 2885, Time: 00:18:06

Health: -1/28      AC:  5    Str:  5    XL:     5   Next: 9%
Magic:  1/14       EV: 13    Int: 21    God:
Gold:   182        SH:  0    Dex: 13    Spells: 4/14 levels left

rFire    x . .     SeeInvis .   i - +0 dagger (speed)
rCold    + . .     Gourm    .   (no shield)
rNeg     . . .     Faith    .   a - +2 robe
rPois    .         Spirit   .   g - +0 hat
rElec    .         Reflect  .   (no cloak)
rCorr    .         Harm     .   f - +0 pair of gloves
MR       .....                  (no boots)
Stlth    ++........             (no amulet)
HPRegen  0.09/turn              m - ring of ice
MPRegen  0.14/turn              (no ring)

@: very slightly contaminated
A: clumsy 1, mutation resistance 1, subdued magic 1
a: no special abilities


You were on level 3 of the Dungeon.
You were not hungry.

You visited 1 branch of the dungeon, and saw 3 of its levels.

You collected 182 gold pieces.

Inventory:

Hand Weapons
 i - a +0 dagger of speed (weapon)
Armour
 a - a +2 robe (worn)
 f - a +0 pair of gloves (worn)
 g - a +0 hat (worn)
Jewellery
 m - a ring of ice (left hand)
Scrolls
 d - 2 scrolls of identify
 e - a scroll of amnesia
 k - 2 scrolls of teleportation
Potions
 h - 2 potions of curing
 l - 2 potions of agility
Books
 b - a book of Conjurations

   Spells                             Type                      Level
   a - Magic Dart                     Conjuration                  1
   b - Searing Ray                    Conjuration                  2
   c - Dazzling Spray                 Conjuration/Hexes            3
   d - Fulminant Prism                Conjuration/Hexes            4
   e - Force Lance                    Conjuration/Translocation    4
   f - Iskenderun's Mystic Blast      Conjuration                  4
Comestibles
 c - a meat ration
 j - a bread ration


   Skills:
 - Level 2.4 Dodging
 - Level 2.4 Stealth
 - Level 5.0 Spellcasting
 - Level 5.0 Conjurations
 + Level 4.0 Hexes


You had 4 spell levels left.
You knew the following spells:

 Your Spells              Type           Power        Failure   Level  Hunger
a - Magic Dart            Conj           ###.         1%          1    None
b - Searing Ray           Conj           ###...       1%          2    None
c - Dazzling Spray        Conj/Hex       ###...       3%          3    ##.....
d - Iskenderun's Mystic   Conj           ###.....     12%         4    ####...


Dungeon Overview and Level Annotations

Branches:
Dungeon (3/15)

Altars:

Annotations:
D:1 1 runed door
D:3 Ijyb


Innate Abilities, Weirdness & Mutations

You are clumsy. (Dex -2)
You are somewhat resistant to further mutation.
Your spells are a little easier to cast, but a little less powerful.


Message History

Confirm with . or Enter, or press ? or * to list all spells.
Aiming: Magic Dart
Press: ? - help, Shift-Dir - straight line, f/p - Ijyb
Aim: Ijyb, wielding a dagger of holy wrath and wearing a leather armour (lightly wounded)
The magic dart hits Ijyb.
Ijyb is moderately wounded.
Ijyb misses you.
Casting: Magic Dart
Confirm with . or Enter, or press ? or * to list all spells.
Aiming: Searing Ray
Press: ? - help, Shift-Dir - straight line, f/p - Ijyb
Aim: Ijyb, wielding a dagger of holy wrath and wearing a leather armour (moderately wounded)
You miscast Searing Ray.
You are very lightly contaminated with residual magic.
You feel a strange surge of energy!
Ijyb hits you with a dagger of holy wrath.
The orc priest calls down the wrath of Beogh upon you.
Beogh smites you!
Ouch! That really hurt!
You die...

#.# #.# #.# #.#
#.# #.# ..# #.#
#.# ### #. #.# #
#.# ... #.# ....#
#.#
.....o##########.#
.....og@.........#
##################


You could see Ijyb, an orc priest and an orc.

Vanquished Creatures
  An orc priest (D:3)
  Terence (D:3)
  2 adders
  An ooze (D:1)
  3 dart slugs
  3 leopard geckos
  2 orcs (D:3)
  9 bats
  2 giant cockroaches (D:3)
  8 goblins
  5 hobgoblins
  10 kobolds
  2 quokkas (D:2)
  5 frilled lizards
  9 rats
63 creatures vanquished.

Notes
Turn   | Place    | Note
-------+----------+-------------------------------------------
     0 | D:1      | Gildeon the Deep Elf Conjurer began the quest for the Orb.
     0 | D:1      | Reached XP level 1. HP: 10/10 MP: 6/6
     0 | D:1      | Noticed a jelly
     1 | D:1      | Found a runed door.
    97 | D:1      | Reached XP level 2. HP: 7/15 MP: 0/9
   253 | D:1      | Learned a level 2 spell: Searing Ray
   529 | D:1      | Gained mutation: Your muscles are strong. (Str +2) [potion of mutation]
   529 | D:1      | Gained mutation: You evolve. [potion of mutation]
   779 | D:1      | Reached XP level 3. HP: 19/19 MP: 8/11
   801 | D:1      | Learned a level 3 spell: Dazzling Spray
   870 | D:1      | Reached skill level 5 in Spellcasting
  1571 | D:2      | Lost mutation: Your muscles are strong. (Str +2) [potion of mutation]
  1571 | D:2      | Lost mutation: You evolve. [potion of mutation]
  1571 | D:2      | Gained mutation: Your spells are a little easier to cast, but a little less powerful. [potion of mutation]
  1571 | D:2      | Gained mutation: You are clumsy. (Dex -2) [potion of mutation]
  1571 | D:2      | Gained mutation: You are somewhat resistant to further mutation. [potion of mutation]
  1623 | D:2      | Reached skill level 5 in Conjurations
  2098 | D:3      | Reached skill level 1 in Hexes
  2098 | D:3      | Reached XP level 4. HP: 24/24 MP: 10/13
  2216 | D:3      | Learned a level 4 spell: Iskenderun's Mystic Blast
  2360 | D:3      | Noticed Terence
  2385 | D:3      | Killed Terence
  2872 | D:3      | Noticed Ijyb
  2880 | D:3      | Reached XP level 5. HP: 16/28 MP: 6/14
  2885 | D:3      | Killed from afar by an orc priest

Vault maps used:
D:1:      dpeg_arrival_caged_fury, palyth_stone_intersect,
          hangedman_decor_riveting, st_stairs_11
D:2:      first_bread, serial_bayou, serial_bayou_crossing, serial_bayou_pond_e,
          serial_bayou_pond_c, serial_bayou_shore_b
D:3:      uniq_terence, uniq_ijyb

Skill      XL: |  1  2  3  4  5 |
---------------+----------------+-----
Spellcasting   | 4 5 |  5.0
Conjurations   | 5 |  5.0
Hexes          | 1 3 4 |  4.0
Dodging        | |  2.4
Stealth        | |  2.4

Action                   |  1- 3 |  4- 6 || total
-------------------------+-------+-------++-------
Melee: Dagger            |    21 |    11 ||    32
 Cast: Magic Dart        |    90 |    30 ||   120
       Searing Ray       |     1 |     3 ||     4
       Dazzling Spray    |       |     1 ||     1
  Use: Scroll            |     9 |     1 ||    10
       Potion            |     2 |     2 ||     4
  Eat: Bread ration      |     1 |       ||     1
       Meat ration       |       |     1 ||     1
Armor: Robe              |     1 |    11 ||    12
Dodge: Dodged            |     8 |    20 ||    28

Table legend:
 A = Spawn XP
 B = Non-spawn XP
 C = Spawn XP percentage of total XP
 D = Spawn monster count
 E = Non-spawn monster count
 F = Spawn count percentage of total count
 G = Total turns spent on level
                    A         B        C        D         E        F      G
               +---------+---------+-------+---------+---------+-------+---------
         Total |       0 |     214 |   0.0 |       0 |      63 |   0.0 |  2885
               +---------+---------+-------+---------+---------+-------+---------
           D:1 |       0 |      49 |   0.0 |       0 |      24 |   0.0 |  1149
           D:2 |       0 |      46 |   0.0 |       0 |      21 |   0.0 |   947
           D:3 |       0 |     119 |   0.0 |       0 |      18 |   0.0 |   789
               +---------+---------+-------+---------+---------+-------+---------
